 Dungeon Crawl Stone Soup version 0.22-a0-192-g6ffc940 (webtiles) character file.

5759 vishdafish the Sculptor of Flesh (level 10, 0/76 (77) HPs)
             Began as a Demonspawn Hunter on Feb 16, 2018.
             Was an Elder of Yredelemnul.
             Succumbed to a gnoll sergeant's poison
             ... on level 9 of the Dungeon.
             The game lasted 00:39:35 (8904 turns).

vishdafish the Sculptor of Flesh (DsHu)             Turns: 8904, Time: 00:39:36

HP:   0/76 (77)     AC:  7    Str: 17    XL:     10   Next: 49%
MP:   15/16         EV: 15    Int: 15    God:    Yredelemnul [****..]
Gold: 450           SH:  0    Dex: 14    Spells: 9/9 levels left

rFire    . . .     SeeInvis .   w - +4 scimitar
rCold    . . .     Gourm    .   (no shield)
rNeg     . . .     Faith    .   c - +1 leather armour
rPois    .         Spirit   .   (helmet restricted)
rElec    .         Reflect  .   C - +0 cloak
rCorr    .         Harm     .   (no gloves)
MR       .....                  (no boots)
Stlth    +.........             K - amulet of regeneration
HPRegen  0.62/turn              (no ring)
MPRegen  0.15/turn              (no ring)

@: lethally poisoned (0 -> -26)
A: horns 1, talons 2, rugged brown scales 2, demonic guardian 1, powered by
death 2, strong 2
a: Recall Undead Slaves, Injury Mirror, Animate Dead, Drain Life, Renounce
Religion


You were on level 9 of the Dungeon.
You worshipped Yredelemnul.
Yredelemnul was greatly pleased with you.
You were hungry.

You visited 1 branch of the dungeon, and saw 9 of its levels.

You collected 450 gold pieces.

Inventory:

Hand Weapons
 a - a +0 trident
 v - a +0 arbalest
 w - a +4 scimitar (weapon)
Missiles
 d - 77 bolts
Armour
 c - a +1 leather armour (worn)
 C - a +0 cloak (worn)
 D - a +0 helmet
 E - a +0 leather armour of fire resistance
Jewellery
 K - an amulet of regeneration (around neck)
Wands
 i - a wand of polymorph (10)
 q - a wand of paralysis (8)
 A - a wand of disintegration (15)
 B - a wand of iceblast (6)
 H - a wand of flame (19)
Scrolls
 e - 4 scrolls of noise
 g - 4 scrolls of remove curse
 j - a scroll of enchant armour
 l - 2 scrolls of enchant weapon {unknown}
 m - a scroll of immolation {unknown}
 o - 4 scrolls of teleportation
 p - a scroll of fog {unknown}
 s - 2 scrolls of fear {unknown}
 t - a scroll of blinking {unknown}
 u - 3 scrolls of amnesia {unknown}
 x - 2 scrolls of magic mapping
 y - 5 scrolls of identify {unknown}
Potions
 b - a potion of flight
 h - 2 potions of degeneration
 n - a potion of lignification
 r - a potion of haste
 F - a potion of agility
 G - a potion of might
Books
 k - a book of Maledictions

   Spells                             Type                      Level
   a - Corona                         Hexes                        1
   b - Ensorcelled Hibernation        Hexes/Ice                    2
   c - Confuse                        Hexes                        3
   d - Tukima's Dance                 Hexes                        3
   e - Dazzling Spray                 Conjuration/Hexes            3
 z - a book of Battle

   Spells                             Type                      Level
   a - Infusion                       Charms                       1
   b - Shroud of Golubria             Charms/Translocation         2
   c - Song of Slaying                Charms                       2
   d - Spectral Weapon                Hexes/Charms                 3
   e - Regeneration                   Charms/Necromancy            3
Comestibles
 f - 15 rations


   Skills:
 - Level 5.4 Fighting
 - Level 7.5 Long Blades
 + Level 7.5 Crossbows
 - Level 4.0 Armour
 + Level 5.7 Dodging
 - Level 0.8 Stealth
 * Level 8.0 Invocations
 - Level 2.4 Evocations


You had 9 spell levels left.
You didn't know any spells.

Dungeon Overview and Level Annotations

Branches:
Dungeon (9/15)             Temple (0/1) D:7             Orc (0/2) D:9
   Lair: D:8-11

Altars:
Dithmenos
Elyvilon
Fedhas
Gozag
Kikubaaqudgha
Makhleb
Ru
Wu Jian
Yredelemnul
Zin
The Shining One


Innate Abilities, Weirdness & Mutations

You have razor-sharp toenails.
You are mostly covered in rugged brown scales. (AC +2, +5% HP)
A weak demonic guardian rushes to your aid.
You regenerate health from kills.
You have a pair of small horns on your head.
Your muscles are very strong. (Str +4)


Message History

Okay, then.
Okay, then.
Okay, then.
Evoke which item? (* to show all) (? for menu, Esc to quit)
Aiming: Disintegrate
Press: ? - help, Shift-Dir - straight line, f/p - orc warrior
Aim: an orc warrior, wielding a scimitar and wearing a chain mail (lightly wounded, paralysed, chance to defeat MR: 75%)
The orc warrior is blasted.
* * * LOW HITPOINT WARNING * * *
You feel very sick.
Evoke which item? (* to show all) (? for menu, Esc to quit)
Aiming: Disintegrate
Press: ? - help, Shift-Dir - straight line, f/p - orc warrior
Aim: an orc warrior, wielding a scimitar and wearing a chain mail (severely wounded, paralysed, chance to defeat MR: 75%)
The orc warrior is blasted.
You blow up the orc warrior!
Yredelemnul accepts your kill.
Your Invocations skill increases to level 8!
You die...
Your body rises from the dead as a mindless zombie.

#.##############.#.#
#.#
#..ZZZZ.Z.Z..###.#.#
#..
#.Z########ZZ.#Z...#
##. #.Z# #...Z...#..#
#..# #.#...#....##
#..######.##.###.......
#.ZZ....#.#.... ...####
##.####.#######.####
#.# #.ZZZ))@..# #.#
#)###)##### #.#
#)#8%g.8 #.####5#%.:.g#
#.....Z#%.>..#
##.#####.....# #8...8#
#######


You could see a friendly black bear zombie, a friendly sky beast zombie and a
friendly orc zombie.

Vanquished Creatures
  Pikel (D:5)
  The ghost of 4thArraOfDagon the Nimble, a novice FeWn of Cheibriados (D:8)
  A troll (D:9)
  A hornet (D:8)
  A hippogriff (D:7)
  A yak (D:8)
  A vampire (D:9)
  Edmund (D:5)
  A soldier ant (D:8)
  2 phantoms
  A slave (D:5)
  A sky beast (D:9)
  4 orc warriors (D:9)
  2 ice beasts (D:8)
  A necrophage (D:7)
  A hornet zombie (D:7)
  2 centaurs
  A black bear (D:9)
  6 ogres
  A big kobold (D:9)
  A gnoll sergeant (D:9)
  3 bullfrogs
  A scorpion (D:4)
  9 wights
  A howler monkey (D:7)
  A bullfrog zombie (D:7)
  A centaur zombie (D:6)
  A crimson imp (D:5)
  5 hounds
  3 jellies
  An orc priest (D:8)
  Crazy Yiuf (D:5)
  7 orc wizards
  2 centaur skeletons
  An iguana (D:7)
  Ijyb (D:5)
  5 worker ants
  2 killer bee zombies (D:6)
  A hound zombie (D:8)
  A hound skeleton (D:8)
  2 mummies (D:7)
  A worker ant zombie (D:6)
  4 gnolls (D:9)
  5 adders
  2 shadow imps
  An ooze (D:1)
  2 adder zombies
  2 worms (D:3)
  4 dart slugs
  5 leopard geckos
  14 orcs
  2 ball pythons
  4 giant cockroaches
  5 goblins
  5 hobgoblins
  16 jackals
  4 quokkas
  11 bats
  5 frilled lizards
  10 kobolds
  2 quokka zombies
  9 rats
194 creatures vanquished.

Vanquished Creatures (collateral kills)
  A hippogriff (D:8)
  2 yaks (D:8)
  Menkaure (D:7)
  A soldier ant (D:8)
  2 ice beasts (D:8)
  An orc warrior (D:8)
  A slave (D:5)
  2 necrophages (D:7)
  An ogre (D:7)
  A bullfrog (D:8)
  A scorpion (D:4)
  2 wights (D:7)
  A howler monkey (D:4)
  A centaur skeleton (D:4)
  A hound (D:9)
  3 orc priests
  An iguana (D:8)
  A worker ant (D:7)
  A worker ant zombie (D:8)
  A gnoll (D:9)
  A howler monkey skeleton (D:6)
  A worm (D:4)
  A leopard gecko (D:4)
  11 orcs
  A giant cockroach (D:8)
  A frilled lizard (D:4)
42 creatures vanquished.

Vanquished Creatures (others)
  A hornet zombie (D:8)
  A slave (D:5)
  A wight (D:9)
  A centaur zombie (D:7)
  A bullfrog zombie (D:6)
  2 ogre zombies (D:7)
  A mummy (D:9)
  A howler monkey zombie (D:4)
  A worker ant zombie (D:8)
  An adder (D:5)
  A howler monkey skeleton (D:7)
  A goblin zombie (D:5)
  5 orc zombies
  A quokka (D:5)
  A ball python zombie (D:8)
  A jackal skeleton (D:5)
  A jackal zombie (D:5)
22 creatures vanquished.

Grand Total: 258 creatures vanquished

Notes
Turn   | Place    | Note
-------+----------+-------------------------------------------
     0 | D:1      | vishdafish the Demonspawn Hunter began the quest for the Orb.
     0 | D:1      | Reached XP level 1. HP: 16/16 MP: 1/1
   131 | D:1      | Gained mutation: You regenerate a little health from kills. [demonic ancestry]
   131 | D:1      | Reached XP level 2. HP: 22/22 MP: 2/2
   603 | D:1      | Gained mutation: You are partially covered in rugged brown scales. (AC +1, +3% HP) [demonic ancestry]
   603 | D:1      | Reached XP level 3. HP: 20/28 MP: 3/3
   925 | D:2      | Found a white marble altar of Elyvilon.
   925 | D:2      | Found a glowing golden altar of the Shining One.
   925 | D:2      | Found a glowing silver altar of Zin.
  1550 | D:2      | Found an ornate altar of the Wu Jian Council.
  1552 | D:2      | Found a blossoming altar of Fedhas.
  1556 | D:2      | Found an ancient bone altar of Kikubaaqudgha.
  1556 | D:2      | Found a basalt altar of Yredelemnul.
  1560 | D:2      | Found a shadowy altar of Dithmenos.
  1565 | D:2      | Became a worshipper of Yredelemnul the Dark
  1751 | D:3      | Gained mutation: You regenerate health from kills. [demonic ancestry]
  1751 | D:3      | Reached XP level 4. HP: 35/35 MP: 4/4
  2214 | D:3      | Found a sacrificial altar of Ru.
  2222 | D:3      | Reached skill level 1 in Evocations
  2238 | D:3      | Reached * piety under Yredelemnul
  2336 | D:3      | Found a burning altar of Makhleb.
  2612 | D:4      | Reached skill level 1 in Armour
  2612 | D:4      | Gained mutation: A weak demonic guardian rushes to your aid. [demonic ancestry]
  2612 | D:4      | Reached XP level 5. HP: 42/42 MP: 6/6
  3014 | D:4      | Reached skill level 1 in Long Blades
  3014 | D:4      | Reached skill level 1 in Invocations
  3014 | D:4      | Gained mutation: You have sharp toenails. [demonic ancestry]
  3014 | D:4      | Reached XP level 6. HP: 48/48 MP: 7/7
  3180 | D:4      | Reached skill level 2 in Invocations
  3628 | D:5      | Entered Level 5 of the Dungeon
  3912 | D:5      | Reached skill level 3 in Invocations
  3912 | D:5      | Gained mutation: You have razor-sharp toenails. [demonic ancestry]
  3912 | D:5      | Reached XP level 7. HP: 53/53 MP: 6/9
  4016 | D:5      | Noticed Pikel
  4073 | D:5      | Killed Pikel
  4073 | D:5      | Reached skill level 4 in Invocations
  4387 | D:5      | Reached skill level 5 in Invocations
  4497 | D:5      | Noticed Ijyb
  4514 | D:5      | Killed Ijyb
  4514 | D:5      | Reached skill level 5 in Long Blades
  4571 | D:5      | Noticed Edmund
  4576 | D:5      | Killed Edmund
  4695 | D:5      | Found a runed door.
  4699 | D:5      | Noticed Crazy Yiuf
  4706 | D:5      | Your ally Ijyb died
  4707 | D:5      | Killed Crazy Yiuf
  4707 | D:5      | Reached XP level 8. HP: 59/59 MP: 11/11
  4838 | D:6      | Reached ** piety under Yredelemnul
  5108 | D:6      | Found an opulent altar of Gozag.
  5484 | D:6      | Reached skill level 5 in Crossbows
  5931 | D:7      | Noticed a hippogriff
  5943 | D:7      | Killed a hippogriff
  5996 | D:7      | Reached XP level 9. HP: 55/67 MP: 12/12
  6730 | D:7      | Found a staircase to the Ecumenical Temple.
  6880 | D:7      | Reached *** piety under Yredelemnul
  6948 | D:7      | Noticed Menkaure
  6953 | D:7      | Killed Menkaure
  7302 | D:7      | Reached skill level 5 in Fighting
  7607 | D:8      | Noticed 4thArraOfDagon's ghost (novice FeWn)
  7670 | D:8      | Killed 4thArraOfDagon's ghost
  7920 | D:8      | Paralysed by a hornet for 2 turns
  8203 | D:8      | Gained mutation: You are mostly covered in rugged brown scales. (AC +2, +5% HP) [demonic ancestry]
  8203 | D:8      | Reached XP level 10. HP: 69/76 MP: 13/13
  8207 | D:8      | Received a gift from Yredelemnul (a wight)
  8328 | D:8      | Reached skill level 5 in Dodging
  8633 | D:8      | Reached skill level 6 in Invocations
  8676 | D:9      | Gained mutation: You are frail. (-10% HP) [potion of mutation]
  8676 | D:9      | Gained mutation: You are agile. (Dex +2) [potion of mutation]
  8676 | D:9      | Gained mutation: Scrolls take you a little longer to read. [potion of mutation]
  8676 | D:9      | Gained mutation: You have a pair of small horns on your head. [potion of mutation]
  8751 | D:8      | Lost mutation: Scrolls take you a little longer to read. [potion of mutation]
  8751 | D:8      | Lost mutation: You are frail. (-10% HP) [potion of mutation]
  8751 | D:8      | Lost mutation: You are agile. (Dex +2) [potion of mutation]
  8751 | D:8      | Gained mutation: Your muscles are strong. (Str +2) [potion of mutation]
  8751 | D:8      | Gained mutation: Your muscles are very strong. (Str +4) [potion of mutation]
  8783 | D:9      | Reached **** piety under Yredelemnul
  8785 | D:9      | Reached skill level 7 in Invocations
  8859 | D:9      | Received a gift from Yredelemnul (a mummy)
  8862 | D:9      | Found a staircase to the Orcish Mines.
  8903 | D:9      | HP: 3/76 [poisoned by a gnoll sergeant]
  8904 | D:9      | Reached skill level 8 in Invocations
  8904 | D:9      | Succumbed to a gnoll sergeant's poison

Vault maps used:
D:1:      dpeg_arrival_rooms_with_view, hangedman_decor_opposing
D:2:      good_gods_mini_temple, minitemple, kennysheep_generic_room_13
D:3:      nicolae_overflow_hidden_temple, nicolae_ru_great_annihilating_truth,
          first_ration
D:4:      serial_glass, glass_columns_b, glass_columns_b, glass_columns_c,
          glass_columns_b, glass_columns_b, glass_columns_a, glass_columns_a,
          glass_columns_c, glass_columns_a, glass_columns_b, glass_columns_b,
          glass_columns_c, glass_columns_b, glass_columns_a
D:5:      uniq_ijyb, uniq_pikel, uniq_crazy_yiuf_cottage, uniq_edmund
D:6:      minmay_tree_intersection, grunt_gozag_statues
D:7:      minmay_temple_entry_statues_pillars, serial_undead, serial_undead_c,
          serial_undead_a, serial_undead_a, serial_undead_f, serial_undead_c,
          serial_undead_b, uniq_menkaure
D:8:      hangedman_pestilent_swarm
D:9:      hangedman_cross_stitches, minmay_lair_entry_lava,
          kennysheep_orc_monster_closet_entryway, uniq_erolcha

Skill      XL: |  1  2  3  4  5  6  7  8  9 10 |
---------------+-------------------------------+-----
Dodging        | 2 3 4 5 |  5.7
Crossbows      | 4 5 6 7 |  7.5
Fighting       | 3 4 5 |  5.4
Evocations     | 2 |  2.4
Armour         | 1 2 3 4 |  4.0
Long Blades    | 1 3 5 6 7 |  7.5
Invocations    | 1 3 5 8 |  8.0
Stealth        | |  0.8

Action                   |  1- 3 |  4- 6 |  7- 9 | 10-12 || total
-------------------------+-------+-------+-------+-------++-------
Melee: Short sword       |    81 |    76 |       |       ||   157
       Falchion          |       |    44 |   120 |       ||   164
       Kick              |       |    14 |    65 |    33 ||   112
       Dagger            |       |       |    22 |       ||    22
       Long sword        |       |       |    28 |       ||    28
       Scimitar          |       |       |    25 |    94 ||   119
       Quarterstaff      |       |       |     7 |       ||     7
       Trident           |       |       |     1 |     4 ||     5
       Headbutt          |       |       |       |     7 ||     7
 Fire: Hand crossbow     |    38 |    62 |   126 |       ||   226
       Arbalest          |       |       |    30 |       ||    30
Invok: Animate Remains   |       |     7 |     8 |       ||    15
       Animate Dead      |       |       |     7 |     3 ||    10
Evoke: Wand              |       |       |    11 |     6 ||    17
  Use: Scroll            |     3 |     1 |     2 |       ||     6
       Potion            |       |       |     6 |     3 ||     9
 Stab: Sleeping          |       |     3 |       |       ||     3
       Distracted        |       |     3 |     4 |     2 ||     9
       Paralysed         |       |       |    16 |     5 ||    21
  Eat: Chunk             |     2 |     9 |     8 |     4 ||    23
       Ration            |       |       |     3 |       ||     3
Armor: Leather armour    |    42 |    34 |    49 |    24 ||   149
       Skin              |       |       |       |    28 ||    28
Dodge: Dodged            |    53 |   102 |   132 |    70 ||   357
       Rpst.: Falchion   |       |    10 |    26 |       ||    36
       Scimitar          |       |       |     3 |    14 ||    17
       Long sword        |       |       |     1 |       ||     1

Table legend:
 A = Spawn XP
 B = Non-spawn XP
 C = Spawn XP percentage of total XP
 D = Spawn monster count
 E = Non-spawn monster count
 F = Spawn count percentage of total count
 G = Total turns spent on level
                    A         B        C        D         E        F      G
               +---------+---------+-------+---------+---------+-------+---------
         Total |       0 |    8228 |   0.0 |       0 |     234 |   0.0 |  8904
               +---------+---------+-------+---------+---------+-------+---------
           D:1 |       0 |      49 |   0.0 |       0 |      24 |   0.0 |  1077
           D:2 |       0 |      42 |   0.0 |       0 |      24 |   0.0 |   619
           D:3 |       0 |     101 |   0.0 |       0 |      26 |   0.0 |   938
           D:4 |       0 |     368 |   0.0 |       0 |      15 |   0.0 |   994
           D:5 |       0 |     897 |   0.0 |       0 |      23 |   0.0 |  1207
           D:6 |       0 |     949 |   0.0 |       0 |      25 |   0.0 |  1091
           D:7 |       0 |    1977 |   0.0 |       0 |      34 |   0.0 |  1632
           D:8 |       0 |    2225 |   0.0 |       0 |      38 |   0.0 |  1115
           D:9 |       0 |    1620 |   0.0 |       0 |      25 |   0.0 |   231
               +---------+---------+-------+---------+---------+-------+---------
